 Dungeon Crawl Stone Soup version 0.28.0-45-g0d030f2227 (webtiles) character file.

Game seed: 3080957261936683583

167 NinjaNoafa the Chopper (level 5, -2/46 HPs)
             Began as a Hill Orc Monk on Apr 6, 2022.
             Was a Believer of the Shining One.
             Splashed by a jelly's acid (10 damage)
             ... on level 3 of the Dungeon.
             The game lasted 00:07:41 (2994 turns).

NinjaNoafa the Chopper (Hill Orc Monk)              Turns: 2994, Time: 00:07:42

Health: -2/46      AC: -2    Str: 16    XL:     5   Next: 48%
Magic:  7/7        EV: 12    Int: 10    God:    the Shining One [**....]
Gold:   103        SH:  0    Dex: 13    Spells: 7/7 levels left

rFire   . . .      SeeInvis .   g - staff of poison
rCold   . . .      Faith    .   (no shield)
rNeg    + . .      Spirit   .   b - +0 robe
rPois   +          Reflect  .   (no helmet)
rElec   .          Harm     .   (no cloak)
rCorr   .          Rampage  .   (no gloves)
Will    .....                   (no boots)
Stlth   +.........              (no amulet)
HPRegen 0.15/turn               h - +4 ring of protection
MPRegen 0.10/turn               (no ring)

@: corroded, glowing
A: no striking features
a: Renounce Religion, Divine Shield


You were on level 3 of the Dungeon.
You worshipped the Shining One.
The Shining One was pleased with you.
You visited 1 branch of the dungeon, and saw 3 of its levels.

You collected 103 gold pieces.

Inventory:

Hand Weapons
 a - a +0 hand axe
 d - a +0 spectral club
Missiles
 j - 82 stones (quivered)
Armour
 b - a +0 robe (worn)
 m - a +0 scale mail
Magical Staves
 g - a staff of poison (weapon)
Jewellery
 h - a +4 ring of protection (left hand)
Wands
 k - a wand of polymorph (14)
Scrolls
 c - 2 scrolls of enchant armour {unknown}
 e - a scroll of fear {unknown}
 f - a scroll of vulnerability {unknown}
 l - a scroll of teleportation {unknown}
Potions
 i - a potion of attraction {unknown}
 n - a potion of degeneration {unknown}
 o - a potion of curing {unknown}


   Skills:
 + Level 4.1 Fighting
 - Level 4.7 Axes
 + Level 2.8 Dodging
 - Level 2.1 Stealth
 + Level 1.6 Spellcasting
 + Level 2.3 Summonings
 + Level 0.1 Poison Magic
 + Level 0.1 Invocations
 + Level 0.0 Evocations


You had 7 spell levels left.
You didn't know any spells.
Your spell library contained the following spells:

 Spells                   Type           Power      Damage    Failure   Level
 Summon Small Mammal      Summ           20%        N/A       12%         1
 Call Canine Familiar     Summ           5%         N/A       36%         3
 Summon Guardian Golem    Hex/Summ       3%         N/A       52%         3


Dungeon Overview and Level Annotations

Branches:
Dungeon (3/15)

Altars:
The Shining One

Shops:
D:2 =


Message History

You are splashed with acid!
The orc hits you but does no damage. The jelly hits you but does no damage.
You hit the orc.
The orc is heavily wounded.
The orc hits you but does no damage. The jelly hits you but does no damage.
The orc barely misses you.
You completely miss the orc.
The orc is heavily wounded.
The jelly barely misses you. The orc hits you but does no damage.
You hit the orc.
The orc is almost dead.
The jelly hits you but does no damage. The orc closely misses you.
You barely miss the orc.
The orc is severely wounded.
The jelly misses you. The orc hits you with a +0 club.
You hit the orc.
The orc is almost dead.
The jelly misses you. The orc misses you.
The jelly hits you but does no damage.
You hit the orc but do no damage.
The orc is almost dead.
The orc barely misses you. The jelly barely misses you.
The orc barely misses you.
You hit the orc.
You kill the orc!
The jelly barely misses you.
You hit the jelly.
Your hands burn!
The jelly is lightly wounded.
The jelly barely misses you.
You hit the jelly. The acid corrodes you!
Your hands burn!
The jelly is lightly wounded.
The jelly hits you.
You are splashed with acid!
* * * LOW HITPOINT WARNING * * *
You hit the jelly but do no damage.
Your hands burn!
* * * LOW HITPOINT WARNING * * *
The jelly is lightly wounded.
The jelly barely misses you. The jelly hits you.
* * * LOW HITPOINT WARNING * * *
The acid corrodes you!
You are splashed with acid!
You die...

########## #.........
######.#######.
######......#######>####
#...##.#........@)......
#........#..###J###.##..
..# #...##.###..##...#
#.# ##.###......#.....#
#.# #...#######....(....
##..# .###.##
#####.###### .#.# ## #.#
#.# #. #..# # .# #.#
#.#####..# ## ##.# ##+#
#........###


You could see a jelly.

Vanquished Creatures
  A centaur skeleton (D:3)
  Ijyb (D:3)
  A gnoll (D:3)
  4 adders
  A worm (D:3)
  A dart slug (D:2)
  An orc (D:3)
  5 bats
  7 endoplasms
  2 giant cockroaches
  8 goblins
  A hobgoblin (D:2)
  6 jackals
  4 kobolds
  7 ball pythons
  5 frilled lizards
  6 rats
61 creatures vanquished.

Notes
Turn   | Place    | Note
-------+----------+-------------------------------------------
     0 | D:1      | NinjaNoafa the Hill Orc Monk began the quest for the Orb.
     0 | D:1      | Reached XP level 1. HP: 19/19 MP: 1/1
   279 | D:1      | Reached XP level 2. HP: 19/27 MP: 2/2
  1024 | D:2      | Reached skill level 1 in Summonings
  1024 | D:2      | Reached XP level 3. HP: 30/33 MP: 3/3
  1344 | D:2      | Found Lozef's Jewellery Shop.
  1646 | D:2      | Reached skill level 1 in Spellcasting
  1950 | D:3      | Noticed Ijyb
  1958 | D:3      | Reached XP level 4. HP: 35/40 MP: 5/5
  2005 | D:3      | Killed Ijyb
  2489 | D:3      | Found a glowing golden altar of the Shining One.
  2507 | D:3      | Reached XP level 5. HP: 44/46 MP: 7/7
  2512 | D:3      | Became a worshipper of the Shining One
  2512 | D:3      | Reached * piety under the Shining One
  2512 | D:3      | Reached ** piety under the Shining One
  2994 | D:3      | Splashed by a jelly's acid

Illustrated notes

Levels and vault maps discovered:
D:1:      dpeg_arrival_central, layout_basic
D:2:      layout_basic, serial_shops, nicolae_shop_trees, item_on_display_b
D:3:      kennysheep_the_goblin_king, layout_loops_corners,
          mainiacjoe_overflow_surrounded_room, chequers_jeans

Skill      XL: |  1  2  3  4 |
---------------+-------------+-----
Summonings     | 1 2 |  2.3
Spellcasting   | 1 |  1.6
Fighting       | 4 |  4.1
Stealth        | 2 |  2.1
Axes           | |  4.7
Dodging        | |  2.8
Poison Magic   | |  0.1
Invocations    | |  0.1

Action                   |  1- 3 |  4- 6 || total
-------------------------+-------+-------++-------
Melee: Hand axe          |   131 |    86 ||   217
       Punch             |     1 |     2 ||     3
       Staff             |       |    21 ||    21
Evoke: Wand              |     1 |       ||     1
  Use: Potion            |       |     2 ||     2
 Stab: Sleeping          |     6 |       ||     6
Armor: Robe              |    39 |    18 ||    57
       Skin              |       |    35 ||    35
       Scale mail        |       |    29 ||    29
Dodge: Dodged            |   107 |    53 ||   160
